 Dungeon Crawl Stone Soup version 0.20.0-8-g6b59dc7 (webtiles) character file.

111 MTVSty1e the Cudgeler (level 4, -1/27 HPs)
             Began as a Gargoyle Ice Elementalist on June 2, 2017.
             Killed by divine providence
             ... invoked by an orc priest
              (15 damage)
             ... on level 3 of the Dungeon.
             The game lasted 00:07:10 (3792 turns).

MTVSty1e the Cudgeler (Gargoyle Ice Elementalist)   Turns: 3792, Time: 00:07:11

Health: -1/27      AC:  7    Str: 13    XL:     4   Next: 92%
Magic:  7/7        EV: 10    Int: 15    God:
Gold:   155        SH:  0    Dex: 10    Spells: 6/7 levels left

rFire    . . .     SeeInvis .   f - +1 mace
rCold    . . .     Gourm    .   (no shield)
rNeg     + . .     Faith    .   l - -2 ring mail
rPois    ∞         Spirit   .   (no helmet)
rElec    +         Reflect  .   (no cloak)
rCorr    .         Harm     .   (no gloves)
MR       .....                  e - +0 pair of boots
Stlth    +.........             (no amulet)
Regen    0.1/turn               (no ring)
MPRegen  0.1/turn               (no ring)

@: no status effects
A: negative energy resistance 1, electricity resistance, unbreathing,
petrification resistance, rot immunity, AC +3
a: no special abilities


You were on level 3 of the Dungeon.
You were not hungry.

You visited 1 branch of the dungeon, and saw 4 of its levels.

You collected 155 gold pieces.

Inventory:

Hand Weapons
 f - a +1 mace (weapon)
Armour
 a - a +0 robe
 e - a +0 pair of boots (worn)
 l - a -2 ring mail (worn)
Scrolls
 d - 3 scrolls of teleportation
 k - 2 scrolls of remove curse
Potions
 g - a potion of agility {unknown}
 h - 5 potions of curing
 i - a potion of lignification {unknown}
 m - a potion of degeneration {unknown}
 o - 2 potions of brilliance
 p - a potion of ambrosia {unknown}
 q - a potion of resistance {unknown}
 s - a potion of cancellation {unknown}
Books
 b - a book of Frost

   Spells                             Type                      Level
   a - Freeze                         Ice                          1
   b - Throw Frost                    Conjuration/Ice              2
   c - Ozocubu's Armour               Charms/Ice                   3
   d - Throw Icicle                   Conjuration/Ice              4
   e - Summon Ice Beast               Ice/Summoning                4
Comestibles
 c - 5 bread rations
 j - 2 royal jellies
 n - a meat ration
 r - 4 fruits


   Skills:
 + Level 2.8 Fighting
 * Level 3.3 Maces & Flails
 - Level 1.5 Dodging
 - Level 2.1 Stealth
 - Level 2.0 Spellcasting
   Level 1.1 Conjurations
 - Level 3.0 Ice Magic


You had 6 spell levels left.
You knew the following spells:

 Your Spells              Type           Power        Failure   Level  Hunger
a - Freeze                Ice            ##..         14%         1    #......


Dungeon Overview and Level Annotations

Branches:
Dungeon (4/15)
 Temple: D:4-7

Altars:
Hepliaklqana


Innate Abilities, Weirdness & Mutations

You are resistant to torment.
Your stone body is resilient. (AC +3)
You are immune to poison.
You resist negative energy. (rN+)
You are resistant to electric shocks. (rElec)
You can survive without breathing.
You are immune to petrification.
You are immune to rotting.


Message History

The orc priest invokes the aid of Beogh against you.
Beogh smites you!
Found a stone staircase leading down.
An orc wizard comes into view. It is wielding a dagger.
The orc wizard shouts!
An orc comes into view.
The orc shouts!
The orc shouts!
The orc priest barely misses you.
An orc comes into view. It is wielding a hand axe.
There is an escape hatch in the ceiling here.
The orc shouts!
A mysterious force pulls you upwards. The hatch slams shut behind you.
You barely miss the orc priest. The orc priest hits you with a flail.
You hit the orc priest.
The orc priest is lightly wounded.
The orc priest mumbles some strange prayers to Beogh against you.
Beogh smites you!
Ouch! That really hurt!
You die...

#.#####......# #..........#.....
.............####.....)....#.....
..#####..............#######.....
..# ######.........# #..... .##
#.........# #..... ÷# #.........#
#..... .# #.........# ###### .#
#.....o...# .# #....@....# .#
########### .# .# .# .# .# .# .#


You could see an orc priest.

Vanquished Creatures
  3 adders
  An ooze (D:1)
  3 worms (D:2)
  2 dart slugs (D:1)
  2 leopard geckos
  2 orcs
  A giant cockroach (D:1)
  8 goblins
  4 hobgoblins
  7 jackals (D:2)
  6 kobolds
  4 quokkas
  2 ball pythons (D:3)
  7 bats
  6 frilled lizards
  4 rats
62 creatures vanquished.

Notes
Turn   | Place    | Note
-------+----------+-------------------------------------------
     0 | D:1      | MTVSty1e the Gargoyle Ice Elementalist began the quest for the Orb.
     0 | D:1      | Reached XP level 1. HP: 10/10 MP: 3/3
   176 | D:1      | Reached skill level 1 in Fighting
   300 | D:1      | Reached XP level 2. HP: 14/16 MP: 1/5
   490 | D:1      | Reached skill level 1 in Maces & Flails
   917 | D:1      | Reached XP level 3. HP: 16/21 MP: 0/6
  1995 | D:2      | Reached XP level 4. HP: 22/27 MP: 4/7
  3112 | D:3      | Found a hazy altar of Hepliaklqana.
  3605 | D:4      | Noticed an ogre
  3792 | D:3      | Killed from afar by an orc priest

Skill      XL: |  1  2  3  4 |
---------------+-------------+-----
Fighting       | 1 2 |  2.8
Maces & Flails | 1 2 3 |  3.3
Dodging        | |  1.5
Stealth        | |  2.1
Spellcasting   | |  2.0
Conjurations   | |  1.1
Ice Magic      | |  3.0

Action                   |  1- 3 |  4- 6 || total
-------------------------+-------+-------++-------
Melee: Club              |    20 |       ||    20
       Unarmed           |     2 |       ||     2
       Mace              |    73 |   109 ||   182
 Cast: Freeze            |    23 |       ||    23
  Use: Scroll            |     7 |     3 ||    10
 Stab: Sleeping          |     2 |     1 ||     3
  Eat: Bread ration      |     1 |       ||     1
       Meat ration       |       |     1 ||     1
Armor: Robe              |    33 |       ||    33
       Ring mail         |    33 |    38 ||    71
Dodge: Dodged            |    92 |    64 ||   156
